Map: 나이트쉐이드 - 래더

Players

Stats - Winner!

  • Race: Protoss Protoss
  • League: Grandmaster
  • Spawn Location: 11:00

TIME (Oliveira)

  • Race: Terran Terran
  • League: Master
  • Spawn Location: 5:00

VOD

Have the link to the VOD?

Description

Time

  • Played on: Jan. 9, 2020, 4:52 a.m.
  • Length: 9:53
Show
View Real Time Build Order
Export as new Build Order

Stats Protoss - Winner!

Build Orders: 1 Gate Expand, Phoenix Opening, Colossus Rush 

Get SALT Encoding   

  12  0:00  Probe  
  13  0:12  Probe  
  14  0:18  Pylon  
  14  0:25  Probe (Chrono Boost)  
  15  0:37  Probe (Chrono Boost)  
  15  0:40  Gateway  
  16  0:45  Probe (Chrono Boost)  
  16  0:46  Assimilator  
  17  0:51  Probe  
  18  1:03  Probe  
  19  1:15  Probe  
  20  1:24  Nexus  
  20  1:33  Cybernetics Core  
  20  1:36  Probe  
  21  1:42  Assimilator  
  21  1:48  Probe  
  21  1:52  Pylon  
  22  2:00  Probe  
  23  2:10  Adept  
  23  2:12  Probe (Chrono Boost)  
  23  2:14  Stargate  
  26  2:21  Probe (Chrono Boost)  
  26  2:22  Warp Gate  
  27  2:28  Probe (Chrono Boost)  
  28  2:36  Probe (Chrono Boost)  
  29  2:40  Probe (Chrono Boost)  
  29  2:42  Adept  
  33  2:46  Probe (Chrono Boost)  
  33  2:47  Probe (Chrono Boost)  
  34  2:51  Probe (Chrono Boost)  
  34  2:53  Probe  
  34  2:57  Phoenix (Chrono Boost)  
  38  3:02  Probe  
  38  3:05  Probe  
  40  3:14  Probe, Pylon  
  40  3:17  Probe  
  40  3:19  Adept  
  44  3:20  Phoenix (Chrono Boost)  
  46  3:30  Pylon  
  46  3:33  Probe x2  
  48  3:37  Phoenix  
  48  3:39  Gateway  
  50  3:43  Gateway  
  50  3:49  Probe  
  50  3:50  Probe  
  50  3:52  Robotics Facility  
  50  3:53  Assimilator  
  52  3:56  Assimilator  
  52  4:00  Pylon  
  52  4:04  Probe x2  
  52  4:08  Phoenix (Chrono Boost)  
  56  4:17  Probe x2  
  58  4:25  Pylon  
  58  4:30  Phoenix (Chrono Boost)  
  60  4:35  Sentry, Zealot  
  60  4:38  Probe, Adept  
  67  4:48  Robotics Bay  
  67  4:49  Forge  
  67  4:54  Nexus  
  67  4:57  Observer  
  68  5:06  Adept x2  
  68  5:07  Adept  
  74  5:12  Phoenix  
  76  5:16  Pylon  
  76  5:20  Pylon  
  76  5:22  Probe  
  76  5:23  Probe  
  78  5:34  Adept x3  
  84  5:42  Phoenix  
  76  5:56  Protoss Ground Weapons Level 1 (Chrono Boost)  
  74  5:57  Colossus (Chrono Boost)  
  74  6:00  Probe x2 (Chrono Boost)  
  82  6:06  Probe (Chrono Boost)  
  82  6:07  Phoenix  
  82  6:09  Forge  
  85  6:14  Probe x2 (Chrono Boost)  
  85  6:15  Probe (Chrono Boost)  
  88  6:19  Probe x2 (Chrono Boost)  
  88  6:20  Probe (Chrono Boost)  
  88  6:21  Observer  
  91  6:30  Probe x2  
  91  6:32  Probe, Pylon  
  94  6:39  Extended Thermal Lance  
  94  6:40  Gateway  
  94  6:41  Gateway, Colossus (Chrono Boost)  
  94  6:43  Probe x2  
  94  6:44  Probe  
  94  6:46  Assimilator  
  103  6:48  Assimilator  
  103  6:57  Protoss Ground Armor Level 1 (Chrono Boost)  
  103  6:58  Probe x3  
  103  6:59  Pylon  
  106  7:05  Twilight Council  
  106  7:10  Probe x3  
  106  7:13  Gateway  
  109  7:17  Gateway  
  109  7:19  Gateway  
  109  7:23  Pylon  
  109  7:24  Pylon  
  109  7:25  Colossus (Chrono Boost)  
  115  7:31  Zealot x3  
  115  7:34  Pylon, Observer  
  115  7:35  Pylon  
  121  7:42  Pylon  
  121  7:43  Pylon  
  121  7:44  Pylon  
  121  7:45  Charge (Chrono Boost), Observer  
  121  7:49  Templar Archives  
  121  8:03  Warp Prism (Chrono Boost)  
  123  8:23  Zealot x3  
  123  8:24  Zealot x5  
  139  8:29  Pylon  
  139  8:30  Pylon  
  139  8:31  Observer  
  139  8:38  Nexus  
  139  8:39  Pylon  
  139  8:47  High Templar x2  
  139  8:48  High Templar x2  
  147  8:49  High Templar x2, Zealot  
  147  8:50  Zealot  
  147  8:52  Archon x2  
  155  8:57  Warp Prism  
  157  9:06  Archon  
  157  9:11  Zealot x2  
  161  9:20  Zealot x4  
  161  9:23  Gateway  
  168  9:24  High Templar  
  168  9:25  High Templar, Gateway  
  168  9:28  Archon  
  172  9:35  Zealot x2  
  155  9:48  Zealot x4  
Show
View Real Time Build Order
Export as new Build Order

TIME Terran 

Build Orders:  

Get SALT Encoding   

  12  0:00  SCV  
  13  0:13  SCV  
  14  0:17  Supply Depot  
  14  0:25  SCV  
  15  0:39  SCV  
  16  0:42  Barracks  
  16  0:44  Refinery  
  16  0:51  SCV  
  17  1:03  SCV  
  18  1:15  SCV  
  19  1:30  Marine, Orbital Command  
  20  1:41  Command Center  
  20  1:51  Supply Depot  
  20  1:54  Barracks Reactor  
  20  1:56  SCV  
  21  2:08  SCV  
  21  2:12  Factory  
  21  2:14  Refinery  
  22  2:19  Bunker  
  22  2:21  SCV  
  23  2:30  Marine x2  
  23  2:33  SCV  
  26  2:45  SCV  
  26  2:48  Marine  
  26  2:49  Reaper  
  29  2:53  Orbital Command  
  29  2:59  SCV, Starport  
  29  3:01  Factory Tech Lab  
  30  3:06  Marine  
  31  3:18  SCV  
  31  3:19  SCV  
  33  3:20  Marine  
  33  3:21  Siege Tank  
  33  3:24  Supply Depot  
  33  3:26  Marine  
  38  3:30  SCV  
  38  3:31  SCV  
  40  3:38  Marine, Medivac  
  43  3:43  SCV x2  
  43  3:44  Marine  
  43  3:48  Supply Depot  
  46  3:53  Cyclone  
  46  3:55  SCV  
  49  3:57  Marine  
  49  4:02  SCV  
  51  4:03  Marine  
  52  4:10  Viking  
  52  4:13  SCV  
  52  4:14  SCV  
  52  4:15  Marine  
  52  4:16  Supply Depot  
  57  4:21  Marine  
  58  4:27  Cyclone  
  58  4:29  SCV  
  62  4:32  SCV  
  62  4:36  Engineering Bay  
  62  4:37  Marine  
  63  4:39  Marine, Supply Depot, Barracks  
  63  4:42  Viking  
  63  4:45  SCV  
  67  4:46  SCV  
  67  4:50  Refinery  
  68  4:54  Supply Depot  
  68  4:55  Marine  
  68  4:57  SCV  
  70  5:00  Marine, SCV  
  69  5:07  Siege Tank  
  69  5:09  SCV  
  69  5:13  Marine  
  74  5:14  SCV  
  74  5:16  Supply Depot  
  75  5:21  SCV  
  75  5:24  Marine, Starport Tech Lab  
  75  5:26  Barracks  
  75  5:28  SCV, Barracks Tech Lab  
  77  5:33  SCV  
  77  5:34  Marine  
  80  5:42  Marine  
  72  5:44  Siege Tank  
  72  5:47  SCV  
  72  5:48  Marine  
  72  5:49  SCV  
  64  5:52  Marine  
  57  5:59  SCV  
  57  6:01  SCV  
  57  6:02  Reaper  
  60  6:07  Marine  
  60  6:08  Stimpack  
  60  6:09  Terran Infantry Weapons Level 1  
  60  6:11  SCV  
  62  6:16  SCV, Command Center  
  63  6:19  Marine  
  63  6:23  SCV  
  63  6:25  Marine  
  65  6:28  SCV  
  65  6:30  Marine  
  67  6:34  Factory Reactor  
  67  6:35  SCV  
  67  6:37  Combat Shield  
  67  6:38  Marine  
  67  6:40  SCV  
  67  6:41  Starport Reactor  
  68  6:52  Marine, Refinery  
  68  6:53  Marine x2  
  71  6:55  Barracks  
  71  6:56  SCV x2, Barracks  
  71  6:58  Marine  
  74  7:03  Supply Depot  
  74  7:08  SCV  
  74  7:11  SCV, Marauder  
  74  7:13  Marine  
  74  7:15  Marauder  
  80  7:20  SCV  
  80  7:21  Marine  
  82  7:24  Ghost Academy  
  82  7:28  Orbital Command  
  82  7:29  Widow Mine x2  
  86  7:32  SCV  
  86  7:33  SCV  
  86  7:34  Missile Turret  
  88  7:37  Medivac  
  88  7:40  Marauder x2  
  88  7:43  Medivac  
  96  7:46  Barracks Reactor  
  96  7:48  Marauder  
  96  7:49  Marine  
  99  7:51  Marine  
  99  7:55  SCV x2  
  102  8:05  Orbital Command  
  106  8:07  SCV  
  109  8:13  Marine  
  109  8:19  Marine  
  108  8:20  SCV  
  108  8:22  SCV  
  108  8:23  Marine x2  
  109  8:31  Marine, Widow Mine  
  109  8:32  SCV, Widow Mine  
  109  8:33  Unknown x2  
  116  8:36  Marauder  
  116  8:39  Supply Depot, Unknown  
  117  8:41  SCV  
  117  8:42  Supply Depot  
  117  8:43  Marine, Supply Depot  
  117  8:44  Marauder  
  117  8:45  Marine  
  122  8:49  SCV  
  122  8:51  Medivac  
  125  9:00  SCV x2, Medivac  
  125  9:02  Supply Depot  
  129  9:05  Marine x2  
  129  9:06  SCV, Marauder  
  131  9:12  SCV  
  131  9:15  Armory, Engineering Bay  
  132  9:21  Refinery x2, Marauder  
  136  9:24  Supply Depot, Widow Mine  
  136  9:27  Widow Mine  
  138  9:35  Missile Turret  
Tags
 
Add a new tag
Caveats
  • Supply blocks, unpowered buildings, or Contaminate may cause inaccurate times.
  • Supply counts are checked every 10 seconds.